TKirby, chaotic female elven Wizard # -+-------@ +.......|& |....{..|# |........# # |.......| #-.......| |.......| --------- TKirby the Thaumaturge Experience level: 6 Strength: 12 Dexterity: 14 Constitution: 15 Intelligence: 20 Wisdom: 10 Charisma: 8 Health: 0(51) Energy: 8(69) Def: 1 Gold: 1118 Moves: 3033 Dungeon seed: _9qj9Ts7D-E5TyuK Game ID: TKirby_1506101624 Your Inventory: Coins $ - 1118 gold pieces Weapons a - a blessed +1 quarterstaff (weapon in hands) Armor e - a blessed +0 cloak of magic resistance (being worn) Comestibles O - 2 uncursed food rations Scrolls i - an uncursed scroll of confuse monster j - a blessed scroll of charging s - a cursed scroll of amnesia E - a cursed scroll of blank paper F - a cursed scroll of taming H - a cursed scroll of teleportation I - a cursed scroll of remove curse J - a cursed scroll of create monster K - a cursed scroll of enchant armor Q - an uncursed scroll of enchant armor Spellbooks l - a blessed spellbook of force bolt m - an uncursed spellbook of detect monsters q - an uncursed spellbook of remove curse w - an uncursed spellbook of cancellation Potions f - 2 uncursed potions of water g - an uncursed potion of water h - an uncursed potion of healing t - an uncursed potion of see invisible Rings c - an uncursed ring of protection from shape changers d - an uncursed ring of cold resistance x - an uncursed +1 ring of gain strength C - an uncursed +1 ring of adornment G - an uncursed ring of teleport control L - a cursed ring of cold resistance M - a cursed ring of warning Wands b - a wand of secret door detection (0:0) N - a cursed wand of speed monster (0:5) Tools n - an uncursed bell u - an uncursed lock pick A - a +0 pick-axe Gems r - 2 uncursed worthless pieces of yellowish brown glass y - a cursed worthless piece of black glass z - a cursed worthless piece of green glass Y - a cursed worthless piece of red glass Spells and supernatural/magical abilities: Name Level Category Fail Memory a - force bolt 1 attack 0% 85% n - detect monsters 1 divination 0% 85% r - remove curse 3 clerical 63% 88% C - cancellation 7 matter 100% 92% W - pray for help -- divine ? -- Your skills at the end: Fighting Skills Weapon Skills quarterstaff [Skilled] Spellcasting Skills attack spells [Basic] enchantment spells [Basic] Final Attributes: You were piously aligned. You were sleep resistant. You were magic-protected. You were telepathic. You had infravision. You are dead. Vanquished creatures: a ghost a large mimic a small mimic a leprechaun an orc shaman a rock mole a gnome lord 2 gray oozes a giant ant a floating eye a kitten 2 dwarves a kobold shaman 4 hill orcs a rothe a monkey 4 dwarf zombies 2 iguanas an acid blob a hobbit a large kobold 2 hobgoblins 4 giant rats 2 green molds a red mold a gecko 3 jackals a fox a kobold a goblin a sewer rat 4 grid bugs 4 lichens 2 kobold zombies 7 newts 64 creatures vanquished. Voluntary challenges: You used a wielded weapon 69 times, starting on turn 178. You read items or engraved 80 times, starting on turn 538. You never genocided any monsters. You never polymorphed an object. You never changed form. You used no wishes. You never split a pudding. You never wrote Elbereth's name. You never violated your personal moral code. Dungeon overview: The Dungeons of Doom: levels 1 to 7 Level 1 a fountain a long staircase Level 2 Level 3 a fountain a long staircase Level 4 a general store Level 5 a sink Level 6 Level 7 <- You were here a fountain History has recorded: On T:1 you entered the Dungeons of Doom to retrieve the Amulet of Yendor! On T:427 you reached level 2 of The Dungeons of Doom. On T:823 you reached level 3 of The Dungeons of Doom. On T:911 you advanced to experience level 2. On T:1488 you advanced to experience level 3. On T:1574 you reached level 4 of The Dungeons of Doom. On T:1832 you advanced to experience level 4. On T:1965 you advanced to experience level 5. On T:2410 you reached level 5 of The Dungeons of Doom. On T:2586 you advanced to experience level 6. On T:2999 you reached level 6 of The Dungeons of Doom. On T:3010 you reached level 7 of The Dungeons of Doom. Score breakdown: Gold: 1118 (10371 points) Experience: 6 levels (12456 points) Exploration: 7 levels ( 14.00%) (10497 points) Discoveries: 8 items ( 2.89%) ( 5098 points) Valuables value: (no points given unless you survive) Artifact value: 0 ( 0 points) Variety of kills: 35 monsters ( 9.19%) ( 9092 points) Turncount: 3033 turns ( -616 points) Survival: died (score multiplied by 80%) Total score: 37518 Latest messages: The water demon bites! The water demon hits! (2x) The water demon bites! The water demon hits! (2x) The water demon bites! The spell hits the water demon! The water demon hits! (2x) The water demon bites! The spell misses the water demon. The water demon hits! (2x) The water demon bites! The water demon hits! (2x) The water demon bites! The water demon hits! (2x) The water demon bites! You begin praying to Anhur. The water demon hits! (2x) The water demon bites! You die... Final status: Goodbye TKirby the Wizard, killed by a water demon, while praying... You died in The Dungeons of Doom on dungeon level 7 with 37518 points, and 1118 pieces of gold, after 3033 moves. You were level 6 with a maximum of 51 hit points when you died.